 Dungeon Crawl Stone Soup version 0.26-b1-32-g5d43845318 (webtiles) character file.

Game seed: 18276539504513341960

4790 sanka the Nimble (level 10, -3/60 HPs)
             Began as a Vampire Venom Mage on Jan 11, 2021.
             Was a Believer of Lugonu.
             Splashed by a jelly's acid (6 damage)
             ... on level 8 of the Dungeon.
             The game lasted 00:24:07 (12786 turns).

sanka the Nimble (Vampire Venom Mage)              Turns: 12786, Time: 00:24:08

Health: -3/60      AC: -7    Str:  7    XL:     10   Next: 24%
Magic:  14/14      EV: 23    Int: 19    God:    Lugonu [**....]
Gold:   397        SH:  0    Dex: 17    Spells: 12/15 levels left

rFire    + . .     SeeInvis +   b - +1 whip (elec)
rCold    + + +     Faith    .   (no shield)
rNeg     + + +     Spirit   .   M - +0 robe of Disaster {+Blink rElec rF+ rC+}
rPois    ∞         Reflect  .   (no helmet)
rElec    +         Harm     .   K - +0 cloak
rCorr    .         Rampage  .   i - +1 pair of gloves {archery}
Will     +....                  (no boots)
Stlth    ++++......             (no amulet)
HPRegen  0.00/turn              E - +4 ring of evasion
MPRegen  0.14/turn              k - ring of flight

@: corroded, bloodless
A: fangs 3, see invisible, unbreathing
a: Bat Form, Revivify, Renounce Religion, Evoke Blink, Evoke Flight, Depart the
Abyss, Bend Space


You were on level 8 of the Dungeon.
You worshipped Lugonu.
Lugonu was pleased with you.
You visited 1 branch of the dungeon, and saw 8 of its levels.

You collected 397 gold pieces.


Innate Abilities, Weirdness & Mutations

You do not regenerate when monsters are visible.
You are frail without blood (-20% HP).
You can heal yourself when you bite living creatures.
You are immune to poison.
You have razor-sharp teeth.
You have supernaturally acute eyesight. (SInv)
You can survive without breathing.


   Skills:
 - Level 6.0 Fighting
 - Level 10.0 Dodging
 - Level 3.0 Stealth
 - Level 3.0 Spellcasting
 - Level 2.0 Transmutations
 - Level 5.0 Air Magic
 - Level 5.0 Poison Magic
 + Level 6.2 Invocations


You had 12 spell levels left.
You knew the following spells:

 Your Spells              Type           Power        Failure   Level
x - Sting                 Tmut/Pois      64%          3%          1
z - Poisonous Vapours     Pois/Air       42%          3%          2

Your spell library contained the following spells:

 Spells                   Type           Power        Failure   Level
 Mephitic Cloud           Conj/Pois/Air  15%          12%         3
 Magic Dart               Conj           8%           16%         1
 Ignite Poison            Fire/Tmut/Pois 11%          19%         3
 Olgreb's Toxic Radiance  Pois           21%          19%         4
 Blink                    Tloc           N/A          22%         2
 Call Imp                 Summ           2%           22%         2
 Slow                     Hex            2%           22%         2
 Conjure Flame            Conj/Fire      2%           41%         3

Inventory:

Hand Weapons
 b - a +1 whip of electrocution (weapon)
 p - a +3 flail
 t - a +2 short sword of speed
 x - a +0 morningstar
 B - a +0 scimitar
 F - a +2 dagger of draining
 H - a +1 morningstar of flaming
 L - a +2 quarterstaff of chaos
Missiles
 C - 3 throwing nets {=f}
Armour
 i - a +1 pair of gloves of archery (worn)
 J - +0 steam dragon scales
 K - a +0 cloak (worn)
 M - the +0 robe of Disaster (worn) {+Blink rElec rF+ rC+}

   It protects you from fire.
   It protects you from cold.
   It insulates you from electricity.
   It lets you blink.
Magical Staves
 a - an uncursed staff of poison
Jewellery
 k - a ring of flight (right hand)
 E - a +4 ring of evasion (left hand)
Wands
 q - a wand of polymorph (9)
 z - a wand of flame (40)
 G - a wand of acid (11)
Scrolls
 c - 10 scrolls of remove curse
 e - 5 scrolls of fog
 f - a scroll of magic mapping
 g - 6 scrolls of teleportation {@r4}
 h - a scroll of enchant weapon
 r - 2 scrolls of enchant armour
 s - 2 scrolls of immolation {!r}
 w - a scroll of blinking
 y - 2 scrolls of amnesia
 A - a scroll of fear
 D - a scroll of noise {!r}
Potions
 d - a potion of flight {unknown}
 j - 2 potions of cancellation {unknown}
 l - 2 potions of resistance {unknown}
 m - 3 potions of heal wounds {unknown}
 n - a potion of attraction {unknown}
 o - 2 potions of might {unknown}
 u - a potion of curing {@q1}
 v - a potion of brilliance {unknown}
 I - a potion of lignification {unknown}

Dungeon Overview and Level Annotations

Branches:
Dungeon (8/15)             Temple (0/1) D:7
   Lair: D:8-11

Altars:
Fedhas
Vehumet
Lugonu

Portals:
Abyss: D:6

▒....... ...
▒▒...... ..▒
▒▒.......
...▒
.........
..▒▒
..▒.....▒....
........▒..▒
.......J...▒
.......V..▒
..........▒
..........▒
........▒▒▒
.........
.▒▒.....▒
..▒..▒▒
▒▒.▒..


You could see a jelly.


Message History

Your hands burn!
* * * LOW HITPOINT WARNING * * *
The jelly is severely wounded.
The jelly hits you.
* * * LOW HITPOINT WARNING * * *
You are splashed with acid!
* * * LOW HITPOINT WARNING * * *
You hit the jelly but do no damage. The acid corrodes you!
Your hands burn!
* * * LOW HITPOINT WARNING * * *
You bite the jelly, but do no damage.
The jelly is severely wounded.
The jelly barely misses you.
Unknown command.
You barely miss the jelly.
The jelly is severely wounded.
The jelly hits you.
* * * LOW HITPOINT WARNING * * *
You are splashed with acid.
* * * LOW HITPOINT WARNING * * *
You hit the jelly but do no damage.
Your hands burn!
* * * LOW HITPOINT WARNING * * *
The jelly is severely wounded.
The jelly hits you.
* * * LOW HITPOINT WARNING * * *
The acid corrodes you!
You are splashed with acid.
You die...

Action                   |  1- 3 |  4- 6 |  7- 9 | 10-12 || total
-------------------------+-------+-------+-------+-------++-------
Melee: Dagger            |    12 |     7 |    34 |       ||    53
       Bite              |     3 |     4 |    29 |     4 ||    40
       Unarmed           |     1 |       |       |       ||     1
       Short sword       |    16 |    48 |       |       ||    64
       Scimitar          |       |       |    44 |       ||    44
       Flail             |       |       |    41 |       ||    41
       Morningstar       |       |       |   189 |       ||   189
       Whip              |       |       |     3 |    47 ||    50
       Staff             |       |       |       |     1 ||     1
 Cast: Sting             |    56 |     7 |       |       ||    63
       Poisonous Vapours |       |    80 |   143 |    34 ||   257
 Abil: Exsanguinate      |       |       |     2 |       ||     2
       Revivify          |       |       |     1 |       ||     1
Evoke: Wand              |       |       |       |     3 ||     3
  Use: Potion            |       |     1 |     3 |       ||     4
       Scroll            |       |       |       |    11 ||    11
 Stab: Sleeping          |       |       |     2 |       ||     2
Armor: Robe              |    12 |     4 |       |       ||    16
       Leather armour    |       |    16 |    95 |       ||   111
       Steam dragon scal |       |       |       |     2 ||     2
Dodge: Dodged            |    34 |    33 |   280 |    43 ||   390
       Rpst.: Scimitar   |       |       |    12 |       ||    12

Levels and vault maps discovered:
D:1:      dpeg_arrival_three_smaller_balls, layout_loops_ring,
          minmay_close_crescents
D:2:      layout_basic, uniq_terence
D:3:      layout_basic
D:4:      minmay_door_path, layout_basic, eino_tiny_chamber
D:5:      layout_gridville, nicolae_overflow_hidden_temple
D:6:      minmay_clustersquares, layout_basic, hangedman_decor_diamond_cutter,
          amcnicky_altar_lugonu_corruption
D:7:      gammafunk_steamed_eel, layout_rooms, minmay_temple_entry_butterflies,
          fedhas_altar_fruit_tree, uniq_crazy_yiuf_cottage, uniq_harold,
          uniq_pikel
D:8:      layout_rooms, grunt_ministairs_8, kennysheep_nub, nicolae_two_hexagons

Notes
Turn   | Place    | Note
-------+----------+-------------------------------------------
     0 | D:1      | sanka the Vampire Venom Mage began the quest for the Orb.
     0 | D:1      | Reached XP level 1. HP: 13/13 MP: 3/3
   234 | D:1      | Reached skill level 3 in Poison Magic
   422 | D:1      | Reached XP level 2. HP: 17/19 MP: 3/5
   440 | D:1      | Reached skill level 2 in Transmutations
   488 | D:1      | Learned a level 2 spell: Poisonous Vapours
   756 | D:1      | Reached XP level 3. HP: 24/24 MP: 1/6
  1019 | D:1      | Reached skill level 1 in Air Magic
  1638 | D:2      | Reached XP level 4. HP: 30/30 MP: 2/7
  1692 | D:2      | Noticed Terence
  1741 | D:2      | Killed Terence
  2254 | D:2      | Reached skill level 2 in Air Magic
  2556 | D:3      | Noticed a centaur
  2818 | D:3      | Killed a centaur
  2819 | D:3      | Reached skill level 3 in Spellcasting
  2819 | D:3      | Reached skill level 3 in Air Magic
  2819 | D:3      | Reached skill level 4 in Poison Magic
  2819 | D:3      | Reached XP level 5. HP: 10/35 MP: 1/9
  3781 | D:3      | Reached XP level 6. HP: 41/41 MP: 5/10
  3872 | D:3      | Reached skill level 4 in Air Magic
  4667 | D:4      | Noticed an orc warrior
  4840 | D:4      | Killed an orc warrior
  4841 | D:4      | Reached skill level 5 in Air Magic
  4841 | D:4      | Reached skill level 5 in Poison Magic
  4841 | D:4      | Reached XP level 7. HP: 46/46 MP: 0/11
  4984 | D:4      | Reached skill level 1 in Fighting
  5367 | D:4      | Reached skill level 3 in Dodging
  6011 | D:5      | Entered Level 5 of the Dungeon
  6150 | D:5      | Reached skill level 2 in Fighting
  6417 | D:5      | Reached skill level 4 in Dodging
  6728 | D:5      | Found a radiant altar of Vehumet.
  6756 | D:5      | Reached skill level 3 in Fighting
  6832 | D:5      | Reached XP level 8. HP: 8/52 MP: 3/12
  6989 | D:5      | Reached skill level 5 in Dodging
  7383 | D:5      | Reached skill level 4 in Fighting
  7980 | D:6      | Reached skill level 6 in Dodging
  8172 | D:6      | Found a one-way gate to the infinite horrors of the Abyss.
  8188 | D:6      | Found a corrupted altar of Lugonu.
  8337 | D:6      | Became a worshipper of Lugonu the Unformed
  8337 | D:6      | Reached * piety under Lugonu
  8665 | D:6      | Reached skill level 1 in Invocations
  8983 | D:6      | Reached skill level 5 in Fighting
  9121 | D:6      | Reached skill level 2 in Invocations
  9400 | D:6      | Reached XP level 9. HP: 21/54 MP: 5/13
  9663 | D:6      | Noticed a purple ugly thing
  9674 | D:6      | Reached skill level 7 in Dodging
 10333 | D:6      | Reached ** piety under Lugonu
 10334 | D:6      | Reached skill level 3 in Invocations
 10741 | D:6      | Killed a purple ugly thing
 10742 | D:6      | Reached skill level 6 in Fighting
 10742 | D:6      | Reached skill level 8 in Dodging
 11122 | D:7      | Found a transporter.
 11141 | D:7      | Found a transporter.
 11260 | D:7      | Noticed Pikel
 11281 | D:7      | Killed Pikel
 11282 | D:7      | Reached skill level 4 in Invocations
 11383 | D:7      | Noticed Harold
 11413 | D:7      | Killed Harold
 11414 | D:7      | Reached skill level 9 in Dodging
 11414 | D:7      | Reached skill level 5 in Invocations
 11414 | D:7      | Reached XP level 10. HP: 34/60 MP: 2/14
 11806 | D:7      | Identified +0 steam dragon scales
 11807 | D:7      | Reached skill level 6 in Invocations
 12023 | D:7      | Found a staircase to the Ecumenical Temple.
 12080 | D:7      | Identified the +0 robe of Disaster {+Blink rElec rF+ rC+}
 12146 | D:7      | Found a blossoming altar of Fedhas.
 12197 | D:7      | Found a runed translucent door.
 12198 | D:7      | Noticed Crazy Yiuf
 12207 | D:7      | Killed Crazy Yiuf
 12664 | D:7      | Reached skill level 10 in Dodging
 12785 | D:8      | HP: 5/60 [acid (5)]
 12786 | D:8      | Splashed by a jelly's acid

Vanquished Creatures
  Harold (D:7)
  Pikel (D:7)
  An ugly thing (D:6)
  A steam dragon (D:7)
  A phantom (D:6)
  2 sky beasts (D:6)
  2 orc warriors
  A black bear (D:7)
  2 ice beasts
  5 ogres
  2 centaurs
  2 lemures (D:7)
  A big kobold (D:7)
  5 bullfrogs
  A gnoll sergeant (D:6)
  A scorpion (D:6)
  5 wights
  A howler monkey (D:6)
  2 electric eels (D:7)
  A bullfrog zombie (D:6)
  4 hounds
  8 orc wizards
  2 orc priests
  Crazy Yiuf (D:7)
  Terence (D:2)
  10 worker ants
  A worker ant zombie (D:6)
  7 adders
  3 gnolls (D:6)
  3 shadow imps
  3 white imps
  An ufetubus (D:2)
  2 adder skeletons (D:6)
  7 worms
  A dart slug (D:1)
  2 leopard geckos
  26 orcs
  3 ball pythons
  12 bats
  5 giant cockroaches
  5 goblins
  9 hobgoblins
  12 jackals
  14 kobolds
  2 quokkas
  2 frilled lizards
  A quokka skeleton (D:5)
  8 rats
  2 lurking horrors (D:6)
195 creatures vanquished.

Vanquished Creatures (others)
  4 plants (D:7)
4 creatures vanquished.

Grand Total: 199 creatures vanquished

Table legend: (Time is in decaauts)
 A = Elapsed time spent in this place.
 B = Non-inter-level travel time spent in this place.
 C = Inter-level travel time spent in this place.
 D = Time resting spent in this place.
 E = Time spent auto-exploring this place.
 F = Levels seen in this place.
 G = Mean time per level.
                   A        B        C        D        E       F      G
               +--------+--------+--------+--------+--------+-----+--------+
         Total |  12914 |  12213 |    701 |   5339 |   4678 |   8 | 1614.2 |
       Dungeon |  12914 |  12213 |    701 |   5339 |   4678 |   8 | 1614.2 |
               +--------+--------+--------+--------+--------+-----+--------+

Top non-repeatable levels by time:
     D:6: 3052 daAuts
     D:4: 2077 daAuts
     D:5: 1902 daAuts
     D:7: 1644 daAuts
     D:3: 1643 daAuts
     D:2: 1382 daAuts
     D:1: 1198 daAuts
     D:8: 14 daAuts
